 Dungeon Crawl Stone Soup version 0.20-a0-739-g6bb112f (webtiles) character file.

6117 w00t the Fighter (level 10, -2/96 HPs)
             Began as a Centaur Transmuter on Feb 24, 2017.
             Was a Follower of Wu Jian.
             Succumbed to a killer bee's poison
             ... on level 10 of the Dungeon.
             The game lasted 00:25:01 (16399 turns).

w00t the Fighter (Centaur Transmuter)              Turns: 16399, Time: 00:25:01

Health: -2/96      AC: 12    Str: 15    XL:     10   Next: 58%
Magic:  13/13      EV:  7    Int: 14    God:    Wu Jian [*.....]
Gold:   310        SH:  0    Dex: 11    Spells: 1/12 levels left

rFire    + . .     SeeInvis +     - Unarmed
rCold    . . .     Gourm    .   u - +2 scale mail {rF+}
rNeg     . . .     Faith    .   (no shield)
rPois    .         Spirit   .   (helmet restricted)
rElec    .         Reflect  .   A - +0 cloak
rCorr    +         Harm     .   Q - +2 pair of gloves
MR       .....                  (no barding)
Stlth    ..........             (no amulet)
Regen    0.3/turn               y - +4 ring of intelligence
MPRegen  0.2/turn               B - ring of resist corrosion

@: lethally poisoned (-2 -> -34), very quick
A: hooves 3, horns 1, see invisible, deformed body, deterioration 1, dopey 1,
speed 2, high mp 1, mutation resistance 1, tough skin 3, wild magic 1
a: Renounce Religion


You were on level 10 of the Dungeon.
You worshipped Wu Jian.
Wu Jian was aware of your devotion.
You were hungry.

You visited 2 branches of the dungeon, and saw 11 of its levels.

You collected 475 gold pieces.
You spent 165 gold pieces at shops.

Inventory:

Missiles
 a - 97 arrows
 h - 288 stones
 w - 12 curare-tipped needles
 H - 3 tomahawks
 J - 7 javelins (quivered)
Armour
 u - a +2 scale mail of fire resistance (worn)
 A - a +0 cloak (worn)
 P - a +2 robe of fire resistance
 Q - a +2 pair of gloves (worn)
Jewellery
 s - an uncursed ring of protection from cold {rC+, !d}
 y - a +4 ring of intelligence (right hand)
 B - a ring of resist corrosion (left hand)
 G - a +2 ring of intelligence
Wands
 x - a wand of digging (9/24)
Scrolls
 f - 4 scrolls of fear
 j - 9 scrolls of identify {@r1}
 m - 7 scrolls of remove curse {@r2}
Comestibles
 b - 5 chunks of flesh
 d - 10 bread rations
 n - 7 fruits
 t - 8 royal jellies
 z - 3 meat rations


   Skills:
 + Level 11.3 Fighting
 - Level 2.2 Throwing
 - Level 1.6 Armour
 - Level 1.4 Dodging
 + Level 11.0 Unarmed Combat
 - Level 1.5 Spellcasting
 - Level 1.7 Transmutations


You had one spell level left.
You knew the following spells:

 Your Spells              Type           Power        Failure   Level  Hunger
b - Beastly Appendage     Tmut           #.....       61%         1    ##.....
c - Sticks to Snakes      Tmut           #.......     83%         2    ###....
d - Spider Form           Tmut/Pois      #.........   99%         3    ####...
h - Blade Hands           Tmut           #.........   100%        5    ######.


Dungeon Overview and Level Annotations

Branches:
Dungeon (10/15)            Temple (1/1) D:7            Lair (0/6) D:10
    Orc: D:9-12

Altars:
Ashenzari
Cheibriados
Dithmenos
Elyvilon
Fedhas
Gozag
Hepliaklqana
Kikubaaqudgha
Makhleb
Nemelex Xobeh
Okawaru
Qazlal
Ru
Sif Muna
Trog
Uskayaw
Vehumet
Wu Jian
Xom
Yredelemnul
Zin
The Shining One

Shops:
D:4 :   D:5 !

Annotations:
D:3 exclusion: downstairs
D:6 exclusion: downstairs
D:8 Gastronok


Innate Abilities, Weirdness & Mutations

You have hooves in place of feet.
Armour fits poorly on your strangely shaped body.
You cover ground very quickly.
You have extremely tough skin. (AC +3)
You have a pair of small horns on your head.
You have supernaturally acute eyesight. (SInv)
Your body sometimes deteriorates upon taking damage.
You are dopey. (Int -2)
You have an increased reservoir of magic. (+10% MP)
You are somewhat resistant to further mutation.
Your spells are a little harder to cast, but a little more powerful.


Message History

The killer bee poisons you!
You aren't carrying any potions.
* * * LOW HITPOINT WARNING * * *
You feel sick.
* * * LOW HITPOINT WARNING * * *
You feel very sick.
* * * LOW HITPOINT WARNING * * *
You feel very sick.
* * * LOW HITPOINT WARNING * * *
You feel sick.
The killer bee stings you but does no damage.
* * * LOW HITPOINT WARNING * * *
You feel sick.
You are feeling hungry.
* * * LOW HITPOINT WARNING * * *
You feel very sick.
The killer bee stings you but does no damage.
As you read the scroll of fear, it crumbles to dust.
You assume a fearsome visage.
The killer bee looks frightened! x4
You die... #....# ##.:..# #... #....# #....# #... #....####....# #... #......##...=# #... #...y#.##....#####... #...y#y####.......... #....#.y #.......... #..yy#yyy

#.......###
####@#yyyy#.......# #
#.#yyyy###.....# #
#.#yyyy# #.....# #
#.#yy%.# #.....# #
####.# #.....# #
#....# #.....# #
#....# #.....# #
#....# ##.#### #
#....#########.######


You could see 4 killer bees.

Vanquished Creatures
  An unseen horror (D:10)
  Pikel (D:6)
  A queen bee (D:10)
  A human (D:9)
  4 hogs (D:9)
  Duvessa (D:6)
  A hornet zombie (D:8)
  2 orc warriors
  2 ice beasts
  3 phantoms (D:10)
  A sky beast (D:7)
  2 centaurs
  3 ogres
  8 bullfrogs
  3 scorpions
  Dowan (D:6)
  3 killer bees (D:9)
  4 wights (D:9)
  A howler monkey (D:4)
  3 crimson imps
  A bullfrog zombie (D:6)
  4 centaur skeletons
  2 orc priests (D:9)
  Crazy Yiuf (D:7)
  6 hounds
  9 orc wizards
  5 iguanas
  Jessica (D:3)
  Terence (D:3)
  7 worker ants
  3 killer bee zombies
  3 worker ant zombies
  3 gnolls (D:6)
  8 adders
  2 shadow imps
  2 oozes (D:1)
  2 worms (D:2)
  2 dart slugs
  3 leopard geckos
  21 orcs
  8 giant cockroaches
  4 hobgoblins
  7 jackals
  6 quokkas
  11 bats
  6 frilled lizards
  2 giant cockroach zombies
  8 goblins
  7 kobolds
  4 rats
195 creatures vanquished.

Vanquished Creatures (others)
  2 iguanas (D:4)
  An adder (D:4)
3 creatures vanquished.

Grand Total: 198 creatures vanquished

Notes
Turn   | Place    | Note
-------+----------+-------------------------------------------
     0 | D:1      | w00t the Centaur Transmuter began the quest for the Orb.
     0 | D:1      | Reached XP level 1. HP: 16/16 MP: 3/3
   127 | D:1      | Reached XP level 2. HP: 24/24 MP: 4/4
   317 | D:1      | Reached skill level 1 in Throwing
   718 | D:1      | Reached XP level 3. HP: 29/29 MP: 5/5
  2287 | D:3      | Noticed Jessica
  2314 | D:2      | Reached XP level 4. HP: 15/37 MP: 6/6
  2792 | D:3      | Killed Jessica
  2792 | D:3      | Reached skill level 1 in Armour
  3355 | D:3      | Noticed Terence
  3386 | D:3      | HP: 1/38 [Terence/trident (8)]
  3745 | D:3      | Killed Terence
  3745 | D:3      | Reached XP level 5. HP: 45/45 MP: 7/7
  4907 | D:4      | Found Tiaz's Book Emporium.
  4960 | D:4      | Reached XP level 6. HP: 30/53 MP: 8/8
  5640 | D:4      | Reached skill level 5 in Fighting
  6179 | D:4      | Learned a level 5 spell: Blade Hands
  6182 | D:4      | Learned a level 2 spell: Sticks to Snakes
  6211 | D:5      | Entered Level 5 of the Dungeon
  6217 | D:5      | Reached XP level 7. HP: 61/61 MP: 9/9
  6229 | D:5      | Found Faobuk's Distillery.
  6272 | D:5      | Gained mutation: You have a pair of small horns on your head. [potion of mutation]
  6272 | D:5      | Gained mutation: Your body sometimes deteriorates upon taking damage. [potion of mutation]
  6272 | D:5      | Gained mutation: You have an increased reservoir of magic. (+10% MP) [potion of mutation]
  6592 | D:5      | Bought a potion of curing for 45 gold pieces
  6592 | D:5      | Bought a potion of curing for 45 gold pieces
  6592 | D:5      | Bought a potion of heal wounds for 75 gold pieces
  6792 | D:5      | Reached skill level 5 in Unarmed Combat
  7507 | D:6      | Noticed Dowan
  7513 | D:6      | Killed Dowan
  7514 | D:6      | Noticed Duvessa
  7551 | D:6      | Killed Duvessa
  8152 | D:6      | Found a blossoming altar of Fedhas.
  8262 | D:6      | Reached XP level 8. HP: 37/71 MP: 11/11
  8814 | D:6      | Noticed Pikel
  8846 | D:6      | Killed Pikel
  9399 | D:7      | Gained mutation: You have supernaturally acute eyesight. (SInv) [mutagenic meat]
  9400 | D:7      | Gained mutation: You are dopey. (Int -2) [mutagenic meat]
  9401 | D:7      | Gained mutation: You passively map a small area around you. [mutagenic meat]
  9402 | D:7      | Gained mutation: Your flesh is cold resistant. (rC+) [mutagenic meat]
  9609 | D:7      | Found an iron altar of Okawaru.
  9677 | D:7      | Reached XP level 9. HP: 67/82 MP: 12/12
 10236 | D:7      | Found a runed door.
 10240 | D:7      | Noticed Crazy Yiuf
 10248 | D:7      | Killed Crazy Yiuf
 10445 | D:7      | Found a staircase to the Ecumenical Temple.
 10456 | Temple   | Entered the Ecumenical Temple
 10701 | Temple   | Became a worshipper of the Wu Jian Council
 11179 | D:8      | Noticed Gastronok
 12401 | D:8      | Lost mutation: You passively map a small area around you. [potion of mutation]
 12401 | D:8      | Lost mutation: Your flesh is cold resistant. (rC+) [potion of mutation]
 12401 | D:8      | Gained mutation: Your spells are a little harder to cast, but a little more powerful. [potion of mutation]
 12401 | D:8      | Gained mutation: You are somewhat resistant to further mutation. [potion of mutation]
 13823 | D:9      | Reached * piety under Wu Jian
 14214 | D:9      | Reached skill level 10 in Fighting
 14229 | D:9      | Reached skill level 10 in Unarmed Combat
 14253 | D:9      | Reached XP level 10. HP: 13/93 MP: 13/13
 14636 | D:9      | Found a shadowy altar of Dithmenos.
 14636 | D:9      | Found a radiant altar of Vehumet.
 14637 | D:9      | Found a shattered altar of Ashenzari.
 14985 | D:8      | Learned a level 3 spell: Spider Form
 15499 | D:10     | Entered Level 10 of the Dungeon
 15819 | D:10     | Noticed an unseen horror
 15840 | D:10     | Killed an unseen horror
 16121 | D:10     | Found a staircase to the Lair.
 16397 | D:10     | HP: 3/96 [poisoned by a killer bee]
 16398 | D:10     | HP: 1/96 [poisoned by a killer bee]
 16399 | D:10     | Succumbed to a killer bee's poison

Vault maps used:
D:1:      sevenhm_arrival_forest_fort_small_4, amethyst_killhole,
          solitary_fountain
D:3:      serial_forest, infiniplex_forest_lined_1, infiniplex_forest_end_2,
          infiniplex_forest_straight_3, infiniplex_forest_clump_medium,
          infiniplex_forest_split, infiniplex_forest_clump_double,
          infiniplex_forest_clump_large, infiniplex_forest_straight_4,
          uniq_terence, uniq_jessica
D:4:      serial_shops, kennysheep_mini_moat, first_bread, minmay_misc_feat_iff,
          lemuel_old_faithful
D:5:      serial_shops, nicolae_shop_trees
D:6:      eino_curves_02, fedhas_altar_2, uniq_duvessa, uniq_pikel
D:7:      nicolae_overflow_hidden_temple, minmay_temple_entry_poolview,
          uniq_crazy_yiuf_cottage
D:8:      uniq_gastronok
D:9:      gammafunk_temple_overflow_claw, grunt_livestock,
          kennysheep_nondescript
D:10:     lair_entry_dummy, special_room
Temple:   dpeg_five_rooms_temple

Skill      XL: |  1  2  3  4  5  6  7  8  9 10 |
---------------+-------------------------------+-----
Fighting       | 2 3 4 5 6 8 10 11 | 11.3
Throwing       | 1 2 |  2.2
Armour         | 1 |  1.6
Unarmed Combat | 4 6 8 10 11 | 11.0
Dodging        | |  1.4
Spellcasting   | |  1.5
Transmutations | |  1.7

Action                   |  1- 3 |  4- 6 |  7- 9 | 10-12 || total
-------------------------+-------+-------+-------+-------++-------
Melee: Unarmed           |   166 |   203 |   551 |   175 ||  1095
       Kick              |    26 |    41 |   126 |    47 ||   240
       Punch             |     3 |     1 |    14 |     7 ||    25
       Headbutt          |       |     1 |    82 |    24 ||   107
Throw: Stone             |   114 |    77 |    11 |       ||   202
       Javelin           |       |       |    24 |       ||    24
 Cast: Beastly Appendage |       |     1 |     1 |       ||     2
  Use: Potion            |       |     4 |    11 |       ||    15
       Scroll            |       |       |       |     5 ||     5
 Stab: Confused          |       |       |     2 |       ||     2
  Eat: Chunk             |     3 |    12 |    17 |     6 ||    38
       Bread ration      |       |       |     2 |       ||     2
Armor: Robe              |    57 |    15 |       |       ||    72
       Scale mail        |       |    56 |   219 |    71 ||   346
Dodge: Dodged            |    90 |    65 |   168 |    45 ||   368
